 Dungeon Crawl Stone Soup version 0.30-a0-368-g86fb4627a9 (webtiles) character file.

Game seed: 6766197812274621718

233997 MTVSty1e the Executioner (level 19, -8/188 (189) HPs)
             Began as a Minotaur Fighter on Nov 18, 2022.
             Was a High Priest of Okawaru.
             Killed from afar by a deep elf annihilator (37 damage)
             ... with an iron shot
             ... in the Arena.
             The game lasted 00:58:41 (34895 turns).

MTVSty1e the Executioner (Minotaur Fighter)        Turns: 34895, Time: 00:58:42

HP:   -8/188 (189)  AC: 41    Str: 29    XL:     19   Next: 21%
MP:   1/27          EV:  5    Int:  5    God:    Okawaru [*****.]
Gold: 1561          SH: 18    Dex: 12    Spells: 18/18 levels left

rFire   + + .      SeeInvis +    y - +9 broad axe "Dehyoh" {flame, rElec Str+2 Stlth-}
rCold   + . .      Faith    .    R - +0 kite shield {AC+3}
rNeg    + . .      Spirit   .    a - +8 gold dragon scales
rPois   +          Reflect  +    Q - +1 hat {SInv}
rElec   +          Harm     .    O - +1 cloak
rCorr   .          Rampage  .    v - +1 pair of gloves {infuse}
Will    ++...                    l - +2 pair of boots
Stlth   ..........               p - amulet of reflection
HPRegen 0.51/turn                x - ring of protection from fire
MPRegen 0.20/turn                U - ring of Piapt {rN+ Will+ SInv Stlth+}

@: lightly drained, duelling
A: horns 2, retaliatory headbutt
a: Renounce Religion, Heroism, Finesse, Duel


You were in the Arena.
You worshipped Okawaru.
Okawaru was extremely pleased with you.
You visited 5 branches of the dungeon, and saw 26 of its levels.
You also visited: Bailey, Gauntlet and Desolation.

You collected 2641 gold pieces.
You spent 1080 gold pieces at shops.

Inventory:

Hand Weapons
 y - the +9 broad axe "Dehyoh" (weapon) {flame, rElec Str+2 Stlth-}
   (Okawaru gifted it to you in the Desolation of Salt)

   It burns those it strikes, dealing additional fire damage.
   Big, fiery blades are also staple armaments of hydra-hunters.
   Str:       It affects your strength (+2).
   rElec:     It insulates you from electricity.
   Stlth:     It makes you less stealthy.
 G - the +8 lance "Wyrmbane" {slay drac, rPois rF+ rC+ AC+3}
   (You took it off an imperial myrmidon in the Desolation of Salt)

   It inflicts extra damage against dragons and draconians.
   AC:        It affects your AC (+3).
   rF:        It protects you from fire.
   rC:        It protects you from cold.
   rPois:     It protects you from poison.
 W - a +9 broad axe of draining
Armour
 a - +8 gold dragon scales (worn)
 l - a +2 pair of boots (worn)
 v - a +1 pair of gloves of infusion (worn)
 O - a +1 cloak (worn)
 Q - a +1 hat of see invisible (worn)
 R - a +0 kite shield of protection (worn)
 X - the +1 Delatra's gloves {ID++}
   (You found it in a Gauntlet)

   It heals its wearer when they drink unknown potions.
   It restores its wearer's MP when they read unknown scrolls.
Jewellery
 p - an amulet of reflection (around neck)
 q - a ring of protection from fire
 t - an amulet of magic regeneration
 x - a ring of protection from fire (left hand)
 z - a +4 ring of evasion
 E - the ring of Komnext {Drain +Blink rElec Will+ Slay+4}
   (You found it in the Desolation of Salt)

   [ring of slaying]

   Slay:      It affects your accuracy & damage with ranged weapons and melee
   (+4).
   rElec:     It insulates you from electricity.
   +Blink:    It lets you blink.
   Drain:     It drains your maximum health when unequipped.
   Will:      It increases your willpower.
 F - the ring of Ascent {Fly Str+3}
   (You found it in the Desolation of Salt)

   [ring of flight]

   Str:       It affects your strength (+3).
   Fly:       It grants you flight.
 I - a ring of protection from cold
 M - a +4 ring of slaying
 U - the ring of Piapt (right hand) {rN+ Will+ SInv Stlth+}
   (You took it off an ironbound convoker in the Desolation of Salt)

   [ring of see invisible]

   rN:        It protects you from negative energy.
   SInv:      It lets you see invisible.
   Will:      It increases your willpower.
   Stlth:     It makes you more stealthy.
Wands
 d - a wand of digging (5)
 f - a wand of acid (17)
 n - a wand of mindburst (23)
 K - a wand of polymorph (9)
 L - a wand of paralysis (13)
 N - a wand of roots (22)
Scrolls
 c - 2 scrolls of poison
 g - 8 scrolls of teleportation
 j - 10 scrolls of fear
 r - 20 scrolls of identify
 s - 2 scrolls of magic mapping
 u - a scroll of blinking
 w - 8 scrolls of fog
 A - 4 scrolls of enchant weapon
 P - 6 scrolls of amnesia
Potions
 b - 4 potions of haste
 e - 6 potions of brilliance
 h - 2 potions of attraction
 i - 8 potions of magic
 m - 12 potions of curing
 o - 4 potions of lignification
 B - 9 potions of might
 C - a potion of flight
 D - 8 potions of mutation
 H - a potion of ambrosia
 J - 3 potions of berserk rage
 V - 3 potions of resistance


   Skills:
 + Level 21.0 Fighting
 * Level 26.3 Axes
 + Level 14.8 Armour
 + Level 14.8 Shields
 + Level 12.2 Invocations


You had 18 spell levels left.
You didn't know any spells.
Your spell library contained the following spells:

 Spells                   Type           Power      Damage    Failure   Level
 Apportation              Tloc           0%         N/A       100%        1
 Beastly Appendage        Tmut           0%         N/A       100%        1
 Shock                    Conj/Air       0%         1d3       100%        1
 Slow                     Hex            0%         N/A       100%        1
 Ensorcelled Hibernation  Hex/Ice        0%         N/A       100%        2
 Momentum Strike          Conj/Tloc      0%         3d8       100%        2
 Scorch                   Fire           0%         2d5       100%        2
 Sublimation of Blood     Necr           0%         N/A       100%        2
 Wereblood                Tmut           0%         N/A       100%        2
 Confusing Touch          Hex            0%         N/A       100%        3
 Dazzling Flash           Conj/Hex       0%         N/A       100%        3
 Ignite Poison            Fire/Tmut/Pois 0%         N/A       100%        3
 Kindle Blastsparks       Fire/Tloc/Air  0%         2d10      100%        3
 Mephitic Cloud           Conj/Pois/Air  0%         N/A       100%        3
 Ozocubu's Armour         Ice            0%         N/A       100%        3
 Portal Projectile        Hex/Tloc       0%         N/A       100%        3
 Stone Arrow              Conj/Erth      0%         3d7       100%        3
 Swiftness                Air            0%         N/A       100%        3
 Vampiric Draining        Necr           0%         2d6       100%        3
 Vhi's Electric Charge    Tloc/Air       0%         N/A       100%        3
 Anguish                  Hex/Necr       0%         N/A       100%        4
 Ice Form                 Ice/Tmut       0%         N/A       100%        4
 Iskenderun's Mystic Bla  Conj/Tloc      0%         2d3       100%        4
 Leda's Liquefaction      Hex/Erth       0%         N/A       100%        4
 Olgreb's Toxic Radiance  Pois           0%         N/A       100%        4
 Petrify                  Tmut/Erth      0%         N/A       100%        4
 Sticky Flame             Conj/Fire      0%         2d3       100%        4
 Alistair's Intoxication  Tmut/Pois      0%         N/A       100%        5
 Arcjolt                  Conj/Air       0%         1d10      100%        5
 Blade Hands              Tmut           0%         N/A       100%        5
 Fireball                 Conj/Fire      0%         3d3       100%        5
 Freezing Cloud           Conj/Ice/Air   0%         6-21      100%        5
 Irradiate                Conj/Tmut      0%         3d11      100%        5
 Lightning Bolt           Conj/Air       0%         1d11      100%        5
 Metabolic Englaciation   Hex/Ice        0%         N/A       100%        5
 Yara's Violent Unravell  Hex/Tmut       0%         3d3       100%        5
 Conjure Ball Lightning   Conj/Air       0%         3x3d7     100%        6
 Eringya's Noxious Bog    Tmut/Pois      0%         N/A       100%        6
 Starburst                Conj/Fire      0%         6d3       100%        6
 Enfeeble                 Hex            0%         N/A       100%        7
 Orb of Destruction       Conj           0%         9d5       100%        7
 Storm Form               Tmut/Air       0%         N/A       100%        7
 Discord                  Hex            0%         N/A       100%        8
 Disjunction              Tloc           0%         N/A       100%        8
 Necromutation            Tmut/Necr      0%         N/A       100%        8
 Fire Storm               Conj/Fire      0%         5d1       100%        9
 Polar Vortex             Ice            0%         N/A       100%        9
 Call Canine Familiar     Summ           Unusable   N/A       N/A         3
 Summon Guardian Golem    Hex/Summ       Unusable   N/A       N/A         3
 Simulacrum               Ice/Necr       Unusable   N/A       N/A         6
 Malign Gateway           Summ/Tloc      Unusable   N/A       N/A         7
 Monstrous Menagerie      Summ           Unusable   N/A       N/A         7
 Spellforged Servitor     Conj/Summ      Unusable   N/A       N/A         7
 Summon Hydra             Summ           Unusable   N/A       N/A         7

Dungeon Overview and Level Annotations

Branches:
Dungeon (15/15)            Temple (1/1) D:4            Lair (5/5) D:9
 Shoals (0/4) Lair:3       Spider (0/4) Lair:2        Slime (0/5) Lair:4
    Orc (2/2) D:9             Elf (3/3) Orc:2        Vaults (0/5) D:13
 Depths (0/4) D:15         Bailey (visited)         Desolation (visited)
Gauntlet (visited)

Altars:
Ashenzari
Cheibriados
Dithmenos
Elyvilon
Fedhas
Gozag
Hepliaklqana
Kikubaaqudgha
Makhleb
Nemelex Xobeh
Okawaru
Qazlal
Ru
Sif Muna
Trog
Uskayaw
Wu Jian
Xom
Yredelemnul
Zin
The Shining One
Jiyva

Shops:
D:1 (*   D:10 (   D:12 !   Orc:2 [(!*   Elf:1 *

Annotations:
D:5 2 runed translucent doors, sanka's ghost, novice DrSu
D:9 2 transporters, Stoves66's ghost, novice OpFi


Innate Abilities, Weirdness & Mutations

You have a pair of horns on your head.
You reflexively headbutt those who attack you in melee.


Message History

You slice the deep elf high priest!! You burn the deep elf high priest.
You headbutt the deep elf high priest.
The deep elf high priest is heavily wounded.
The deep elf high priest hits you but does no damage.
You slash the deep elf high priest! You burn the deep elf high priest.
Your headbutt misses the deep elf high priest.
The deep elf high priest is almost dead.
The deep elf high priest hits you but does no damage.
You slash the deep elf high priest! You burn the deep elf high priest.
You kill the deep elf high priest!
Okawaru accepts your kill.
The deep elf annihilator casts a spell at you.
The bolt of lightning hits you! You resist.
Things that are here:
a +0 scimitar; 10 gold pieces; an elf corpse The deep elf annihilator casts a spell at you.
The crystal spear hits you!!!
* * * LOW HITPOINT WARNING * * *
The deep elf annihilator gestures wildly while chanting.
The deep elf annihilator blinks!
The deep elf annihilator points at you and mumbles some strange words.
The bolt of lightning hits you! You resist.
* * * LOW HITPOINT WARNING * * *
Okay, then.
Aiming: Duel (5% risk of failure)
Press: ? - help, Dir - move target, f - deep elf annihilator
Aim: a deep elf annihilator, wielding a +2 flail of holy wrath (heavily wounded, spells empowered)
You enter into single combat with the deep elf annihilator!
The world spins around you as you enter the gateway.
You enter Okawaru's Arena!
The spectator shouts! x10
You block the deep elf annihilator's attack.
Found a gate leading back out of this place.
There is an empty arch of ancient stone here.
You miss the deep elf annihilator.
The deep elf annihilator is heavily wounded.
The deep elf annihilator gestures at you while chanting.
The iron shot hits you!!!
You die...
Okawaru crowns the deep elf annihilator victorious!

#########
##.p▓▓▓p.##
##..▓▓.▓▓..##
##.p▓▓...▓▓p.##
#..▓▓.....▓▓..#
#p▓▓.......▓▓p#
#▓▓.........▓.#
#∩▓....@e...▓#
#▓▓.........▓.#
#p▓▓.......▓▓p#
#..▓▓.....▓▓..#
##.p▓▓...▓▓p.##
##..▓▓.▓▓..##
##.p▓▓▓p.##
#########


You could see a deep elf annihilator (empowered).

Vanquished Creatures
  Bai Suzhen (Elf:3)
  Saint Roka (Orc:2)
  2 deep elf master archers (Elf:3)
  3 deep elf blademasters
  Kirke (Lair:3)
  6 deep elf sorcerers
  The ghost of Fihoig the Scorcher, an adept TeFE of Ashenzari (Orc:1)
  3 imperial myrmidons (Desolation)
  4 deep elf elementalists (Elf:3)
  5 deep elf demonologists
  7 deep elf annihilators
  Nessos (D:12)
  A minotaur (Gauntlet)
  A spark wasp (shapeshifter) (Elf:2)
  A halazid warlock (Desolation)
  6 deep elf death magi
  11 ragged hierophants (Desolation)
  An ettin (D:15)
  3 deep elf high priests
  11 servants of whispers (Desolation)
  13 peacekeepers (Desolation)
  Fannar (Lair:3)
  3 vault guards (D:13)
  3 hydras
  A merfolk avatar (Lair:5)
  A catoblepas (D:13)
  38 dancing weapons
  5 centaur warriors
  6 boulder beetles
  5 tengu warriors
  5 two-headed ogres
  A hell hog (Gauntlet)
  Urug (D:13)
  8 orc high priests
  21 deep elf knights
  Sonja (D:10)
  2 deep trolls (D:15)
  3 wizards
  4 ironbound convokers (Desolation)
  3 harpies (shapeshifter)
  2 lindwurms (Lair:4)
  43 deep elf pyromancers
  3 harpies (Lair:5)
  22 deep elf archers
  4 orc knights
  4 ugly things
  10 orc sorcerers
  34 deep elf zephyrmancers
  A wolf spider (Lair:4)
  10 manticores
  An oklob plant (Lair:3)
  5 cyclopes
  A moth of wrath (Orc:1)
  22 elephants (Lair:5)
  5 black mambas
  5 guardian serpents (Desolation)
  7 gargoyles
  2 molten gargoyles (Desolation)
  11 cane toads
  5 rime drakes
  13 komodo dragons
  2 unseen horrors
  A tengu conjurer (D:15)
  An efreet (D:8)
  A troll (shapeshifter) (Elf:1)
  8 trolls
  2 polar bears
  A queen bee (shapeshifter) (Elf:1)
  Prince Ribbit (D:8)
  80 saltlings (Desolation)
  2 wind drakes
  3 hornets (Lair:5)
  A blink frog (shapeshifter) (D:14)
  7 blink frogs
  9 slime creatures
  A jumping spider (Lair:4)
  3 shadows
  A culicivora (Lair:2)
  5 flying skulls (Gauntlet)
  2 air elementals (Elf:1)
  4 wyverns
  3 basilisks
  70 yaks
  8 humans (D:13)
  5 water elementals
  2 fire bats (Gauntlet)
  3 wraiths
  4 fire elementals
  4 hogs
  5 steam dragons
  8 vampire mosquitoes
  4 redbacks
  12 wargs
  2 acid dragons
  2 two-headed ogre zombies (D:9)
  10 water moccasins
  3 hell hounds (Gauntlet)
  3 black bears
  46 orc warriors
  A sky beast (D:8)
  7 wolves
  7 ice beasts
  7 ogres
  7 centaurs
  A phantom (D:9)
  15 bullfrogs
  A necrophage (D:5)
  6 earth elementals
  4 scorpions
  16 wights
  2 troll zombies (D:9)
  9 killer bees
  13 howler monkeys
  6 electric eels
  2 lava snakes (Lair:4)
  7 jellies
  8 hounds
  2 gnoll boudas
  23 orc priests
  25 orc wizards
  Ijyb (D:5)
  Natasha (D:3)
  4 iguanas
  2 hell rats (Lair:2)
  4 ogre zombies (D:9)
  9 adders
  19 gnolls
  6 river rats (Lair:2)
  2 shadow imps
  4 white imps
  An ufetubus (D:4)
  3 worms (D:2)
  A dart slug (D:4)
  119 orcs
  5 bats
  7 endoplasms
  2 giant cockroaches (D:1)
  10 goblins
  5 hobgoblins
  7 kobolds
  2 quokkas
  5 ball pythons
  4 frilled lizards
  3 goblin skeletons (D:9)
  3 goblin zombies (D:9)
  2 hobgoblin zombies (D:9)
  4 orc skeletons (D:9)
  13 orc zombies (D:9)
  4 rats
  A bush (Lair:3)
1156 creatures vanquished.

Vanquished Creatures (others)
  A vault guard (D:13)
  3 deep elf knights
  A shadow (D:11)
  A yak (shapeshifter) (Elf:1)
  An orc wizard (Orc:2)
  4 demonic plants (Gauntlet)
  29 fungi
  70 plants
  A withered plant (Desolation)
111 creatures vanquished.

Grand Total: 1267 creatures vanquished

Notes
Turn   | Place    | Note
-------+----------+-------------------------------------------
     0 | D:1      | MTVSty1e the Minotaur Fighter began the quest for the Orb.
     0 | D:1      | Reached XP level 1. HP: 19/19 MP: 0/0
    62 | D:1      | Found Joixeppu's Weapon Emporium.
    79 | D:1      | Reached skill level 3 in Axes
   135 | D:1      | Reached XP level 2. HP: 27/27 MP: 1/1
   145 | D:1      | Found Piblo's General Store.
   496 | D:2      | Reached XP level 3. HP: 33/33 MP: 2/2
   565 | D:2      | Reached skill level 4 in Axes
   815 | D:2      | Reached XP level 4. HP: 25/41 MP: 3/3
  1258 | D:3      | Reached skill level 5 in Axes
  1399 | D:3      | Found a bloodstained altar of Trog.
  1414 | D:3      | Reached XP level 5. HP: 42/47 MP: 4/4
  1438 | D:3      | Found a shimmering blue altar of Sif Muna.
  1442 | D:3      | Got Sif Muna's Omnibus of the Lungs
  1461 | D:3      | Noticed a black bear
  1468 | D:3      | Killed a black bear
  1469 | D:3      | Reached skill level 5 in Fighting
  1469 | D:3      | Reached skill level 6 in Axes
  1659 | D:3      | Found a faded altar of an unknown god.
  1741 | D:3      | Noticed Natasha
  1744 | D:3      | Killed Natasha
  1745 | D:3      | Reached XP level 6. HP: 40/56 MP: 5/5
  2314 | D:4      | Found a blossoming altar of Fedhas.
  2338 | D:4      | Found a staircase to the Ecumenical Temple.
  2377 | D:4      | Reached skill level 7 in Axes
  2575 | Temple   | Entered the Ecumenical Temple
  2712 | D:4      | Reached XP level 7. HP: 24/63 MP: 6/6
  2990 | D:4      | Reached skill level 8 in Axes
  3229 | D:4      | Found a basalt altar of Yredelemnul.
  3302 | D:4      | Found a hide-covered altar of Uskayaw.
  3508 | D:5      | Entered Level 5 of the Dungeon
  3617 | D:5      | Reached skill level 9 in Axes
  3628 | D:5      | Reached XP level 8. HP: 12/73 MP: 7/7
  3871 | D:5      | Reached skill level 10 in Axes
  3934 | D:5      | Found a large runed translucent door.
  3935 | D:5      | Found a large runed translucent door.
  3937 | D:5      | Noticed sanka's ghost (novice DrSu)
  4026 | D:5      | Noticed Ijyb
  4034 | D:5      | Killed Ijyb
  4073 | D:5      | Identified the +5 scale mail of Defence {Rampage rElec rN+
                  | Str-4}
  4596 | D:6      | Reached skill level 11 in Axes
  5096 | D:7      | Noticed a two-headed ogre
  5104 | D:7      | Killed a two-headed ogre
  5105 | D:7      | Reached skill level 12 in Axes
  5105 | D:7      | Reached XP level 9. HP: 56/83 MP: 8/8
  5450 | D:7      | Reached skill level 13 in Axes
  5547 | D:7      | Reached skill level 10 in Fighting
  6088 | D:7      | Reached skill level 14 in Axes
  6130 | D:7      | Reached XP level 10. HP: 90/94 MP: 9/9
  6325 | D:7      | Noticed a gargoyle
  6340 | D:7      | Killed a gargoyle
  6989 | D:8      | Noticed a manticore
  7001 | D:8      | Killed a manticore
  7002 | D:8      | Reached skill level 15 in Axes
  7216 | D:8      | Noticed a harpy
  7223 | D:8      | Killed a harpy
  7437 | D:8      | Reached skill level 16 in Axes
  7572 | D:8      | Found an ancient bone altar of Kikubaaqudgha.
  7925 | D:8      | Noticed a centaur warrior
  7938 | D:8      | Killed a centaur warrior
  7939 | D:8      | Reached XP level 11. HP: 13/105 MP: 10/10
  8116 | D:8      | Noticed Prince Ribbit
  8137 | D:8      | Killed Prince Ribbit
  8329 | D:8      | Identified the +4 demon trident of Corporal Punishment
                  | {freeze, Str+3}
  8551 | D:9      | Found a flagged portal.
  8559 | Bailey   | Entered a bailey
  8989 | D:9      | Found a staircase to the Orcish Mines.
  8998 | D:9      | Reached skill level 17 in Axes
  9170 | D:9      | Noticed a two-headed ogre
  9178 | D:9      | Killed a two-headed ogre
  9193 | D:9      | Found a staircase to the Lair.
  9304 | D:9      | Found a transporter.
  9304 | D:9      | Noticed Stoves66's ghost (novice OpFi)
  9305 | D:9      | Found a transporter.
  9708 | D:10     | Entered Level 10 of the Dungeon
  9871 | D:10     | Noticed Sonja
  9874 | D:10     | Killed Sonja
  9875 | D:10     | Reached skill level 18 in Axes
 10136 | D:10     | Noticed a two-headed ogre
 10141 | D:10     | Killed a two-headed ogre
 10552 | D:10     | Found an iron altar of Okawaru.
 10562 | D:10     | Became a worshipper of Warmaster Okawaru
 10642 | Lair:1   | Entered Level 1 of the Lair of Beasts
 10667 | Lair:1   | Reached XP level 12. HP: 84/116 MP: 11/11
 10668 | Lair:1   | Reached * piety under Okawaru
 11089 | Lair:1   | Reached skill level 19 in Axes
 11322 | Lair:1   | Reached skill level 1 in Invocations
 11467 | Lair:1   | Reached ** piety under Okawaru
 12209 | Lair:2   | Found a hole to the Spider Nest.
 12424 | Lair:2   | Reached skill level 5 in Armour
 12762 | Lair:3   | Reached skill level 5 in Shields
 12777 | Lair:3   | Reached *** piety under Okawaru
 12930 | Lair:3   | Noticed Fannar
 12935 | Lair:3   | Killed Fannar
 12965 | Lair:3   | Reached XP level 13. HP: 130/130 MP: 14/14
 13196 | Lair:3   | Reached **** piety under Okawaru
 13209 | Lair:3   | Found a staircase to the Shoals.
 13530 | Lair:3   | Noticed Kirke
 13938 | Lair:3   | Identified the +3 great sword of Gallantry {vorpal, rN++}
 14258 | Lair:3   | Killed Kirke
 14316 | Lair:4   | Reached skill level 20 in Axes
 14355 | Lair:4   | Found a staircase to the Slime Pits.
 14356 | Lair:4   | Found a viscous altar of Jiyva.
 14364 | Lair:4   | Reached XP level 14. HP: 118/138 MP: 16/16
 14628 | Lair:4   | Found a runed translucent door.
 14734 | Lair:4   | Reached ***** piety under Okawaru
 15428 | Lair:4   | Identified the +6 whip "Killer Bee's Foe" {spect, *Corrode
                  | rF+ Dex+2}
 15479 | Lair:4   | Found a runed translucent gate.
 15479 | Lair:4   | Found a runed translucent gate.
 15479 | Lair:4   | Found a runed translucent gate.
 15479 | Lair:4   | Found a runed translucent gate.
 15480 | Lair:4   | Found a runed translucent gate.
 15481 | Lair:4   | Found a runed translucent gate.
 15667 | Lair:4   | Reached skill level 5 in Invocations
 15832 | Lair:5   | Entered Level 5 of the Lair of Beasts
 16045 | Lair:5   | Paralysed by a hornet for 3 turns
 16371 | Lair:5   | Identified the +12 crystal plate armour of the World {rN+}
                  | (Okawaru gifted it to you on level 5 of the Lair of Beasts)
 16371 | Lair:5   | Received a gift from Okawaru
 16402 | Lair:5   | Reached skill level 21 in Axes
 17476 | Lair:5   | Got the Spellbook of the Summer and Impurities
 18390 | D:10     | Found Erid's Weapon Emporium.
 18426 | D:10     | Bought a +0 broad axe for 48 gold pieces
 18623 | D:11     | Reached XP level 15. HP: 148/149 MP: 18/18
 19136 | D:12     | Found Yffein's Distillery.
 19151 | D:12     | Found a gate leading to a gauntlet.
 19160 | Gauntlet | Entered a Gauntlet
 19160 | Gauntlet | Found a transporter.
 19160 | Gauntlet | Found a transporter.
 19164 | Gauntlet | Found a transporter.
 19164 | Gauntlet | Found a transporter.
 19168 | Gauntlet | Found a transporter.
 19168 | Gauntlet | Found a transporter.
 19207 | Gauntlet | Found a transporter.
 19208 | Gauntlet | Found a transporter.
 19216 | Gauntlet | Found a transporter.
 19216 | Gauntlet | Found the +1 Delatra's gloves {ID++}
 19233 | Gauntlet | Found a transporter.
 19250 | Gauntlet | Found a transporter.
 19254 | Gauntlet | Found a transporter.
 19359 | Gauntlet | Identified the +1 buckler "Hulyity" {*Corrode Dex+6 Slay+4}
                  | (Okawaru gifted it to you in a Gauntlet)
 19359 | Gauntlet | Received a gift from Okawaru
 19459 | Gauntlet | Got the Cyclopedia of Shapeshifting
 19462 | Gauntlet | Got the Catalogue of Flames and Vapour
 19561 | D:12     | Noticed Nessos
 19567 | D:12     | Killed Nessos
 20681 | D:13     | Reached skill level 22 in Axes
 20723 | D:13     | Noticed Urug
 20728 | D:13     | Killed Urug
 21224 | D:13     | Reached ****** piety under Okawaru
 21292 | D:13     | Found a gate to the Vaults.
 21367 | D:14     | Reached skill level 10 in Armour
 21367 | D:14     | Reached skill level 10 in Shields
 21565 | D:14     | Got the Secrets of Air and the Glacier
 21809 | D:14     | Found a glowing golden altar of the Shining One.
 21904 | D:15     | Entered Level 15 of the Dungeon
 21975 | D:15     | Found a staircase to the Depths.
 23147 | Orc:1    | Entered Level 1 of the Orcish Mines
 23228 | Orc:2    | Entered Level 2 of the Orcish Mines
 23269 | Orc:2    | Received a gift from Okawaru
 23273 | Orc:2    | Reached XP level 16. HP: 156/159 MP: 21/21
 23388 | Orc:2    | Noticed Saint Roka
 23449 | Orc:2    | Paralysed by an orc sorcerer for 3 turns
 23920 | Orc:2    | Killed Saint Roka
 24365 | Orc:2    | Found Beuwkoz's Assorted Antiques.
 24396 | Orc:2    | Found a staircase to the Elven Halls.
 24569 | Orc:2    | Reached skill level 23 in Axes
 24662 | Orc:2    | Found Meulaufo's Distillery.
 24670 | Orc:2    | Bought 2 potions of haste for 260 gold pieces
 24670 | Orc:2    | Bought 2 potions of resistance for 260 gold pieces
 24789 | Orc:2    | Found Doptusipn's Antique Armour Shop.
 24791 | Orc:2    | Found Vusmatsom's Antique Weapon Boutique.
 24804 | Orc:2    | Bought a pair of glowing boots for 150 gold pieces
 24932 | Orc:2    | Bought a pair of glowing boots for 217 gold pieces
 24932 | Orc:2    | Bought a golden ring for 145 gold pieces
 25062 | Orc:1    | Found a transporter.
 25068 | Orc:1    | Noticed Fihoig's ghost (adept TeFE)
 25554 | Orc:1    | Found a transporter.
 25576 | Orc:1    | Received a gift from Okawaru
 25584 | Orc:1    | Killed Fihoig's ghost
 25589 | Orc:1    | Identified the +1 cloak of the Furies {Rampage Will- Regen+
                  | MP+9}
 25717 | Elf:1    | Entered Level 1 of the Elven Halls
 26054 | Elf:1    | Received a gift from Okawaru
 26073 | Elf:1    | HP: 6/160 [deep elf archer/arrow (24)]
 26210 | Elf:1    | Found a crumbling gateway.
 26219 | Desolati | Entered the Desolation of Salt
 26965 | Desolati | Got the Anthology of Toxicity and the Escort
 27059 | Desolati | Reached XP level 17. HP: 156/164 MP: 11/23
 27151 | Desolati | Reached skill level 24 in Axes
 27179 | Desolati | Identified the +1 plate armour of the Rose {rElec rPois
                  | rCorr Stlth-}
 27223 | Desolati | Identified the +9 broad axe "Dehyoh" {flame, rElec Str+2
                  | Stlth-} (Okawaru gifted it to you in the Desolation of
                  | Salt)
 27223 | Desolati | Received a gift from Okawaru
 27351 | Desolati | Identified the ring of Komnext {Drain +Blink rElec Will+
                  | Slay+4}
 27368 | Desolati | Identified the ring of Ascent {Fly Str+3}
 27506 | Desolati | Reached skill level 10 in Invocations
 27769 | Desolati | Got the Parchment of Unstable Conjuring
 27907 | Desolati | Received a gift from Okawaru
 27990 | Desolati | Got the Catalogue of Arcane Weapons
 28005 | Desolati | Identified the ring of Piapt {rN+ Will+ SInv Stlth+}
 28215 | Desolati | Got the Lectures on Molten Poison
 28219 | Desolati | Got Sif Muna's Vellum of Transformation and the Iceberg
 29060 | Elf:1    | Identified the +10 trident "Fipt" {venom, rF+ Int+6}
 29319 | Elf:1    | Found Rowkunapp's Assorted Antiques.
 29320 | Elf:1    | Paralysed by an air elemental for 1 turns
 29575 | Elf:2    | Found a runed translucent gate.
 29575 | Elf:2    | Found a runed translucent gate.
 29601 | Elf:2    | Found a runed translucent gate.
 29774 | Elf:2    | Identified the +1 pair of gloves of Parref {rPois Dex-3
                  | Slay-5 SInv} (Okawaru gifted it to you on level 2 of the
                  | Elven Halls)
 29774 | Elf:2    | Received a gift from Okawaru
 30083 | Elf:2    | Reached skill level 25 in Axes
 30276 | Elf:2    | Reached XP level 18. HP: 178/178 MP: 19/25
 30404 | Elf:2    | Identified the +1 chain mail of the Harp {*Corrode rN+
                  | Will+ Str+3}
 31805 | Elf:2    | Received a gift from Okawaru
 32450 | Elf:3    | Entered Level 3 of the Elven Halls
 33328 | Elf:3    | Noticed a Hell Sentinel
 33350 | Elf:3    | Received a gift from Okawaru
 33559 | Arena    | Entered the Arena
 33689 | Elf:3    | Noticed Bai Suzhen
 33701 | Elf:3    | Killed Bai Suzhen
 33965 | Elf:3    | Reached skill level 26 in Axes
 34006 | Elf:3    | Noticed a Brimstone Fiend
 34232 | Elf:3    | Received a gift from Okawaru
 34244 | Elf:3    | Noticed a Tzitzimitl
 34401 | Elf:3    | Reached XP level 19. HP: 133/188 MP: 25/27
 34406 | Elf:3    | Identified the +5 chain mail of the Eternal Void {Rampage
                  | Regen+}
 34411 | Arena    | Entered the Arena
 34442 | Elf:3    | Received a gift from Okawaru
 34448 | Arena    | Entered the Arena
 34497 | Elf:3    | HP: 7/177 [+0 halberd of venom (21)]
 34894 | Arena    | Entered the Arena
 34895 | Arena    | Killed from afar by a deep elf annihilator

Illustrated notes

Levels and vault maps discovered:
D:1:      minmay_arrival_glassed_features, layout_rooms, serial_shops, shop,
          shop
D:2:      layout_loops_ring
D:3:      layout_loops_ring, nzn_overflow_gifts_of_might_and_magic,
          shapermc_ecumenical_altar_petra, grunt_decor_resistance, uniq_natasha
D:4:      layout_basic, mainiacjoe_overflow_surrounded_room,
          lemuel_doored_altar, nicolae_overflow_crystal_walls, temple_statues
D:5:      layout_rooms, ebering_ghost_disaster_area, uniq_ijyb
D:6:      layout_basic
D:7:      kennysheep_windowed_halls, layout_loops_ring,
          nicolae_overflow_hidden_temple, kennysheep_generic_room_4
D:8:      minmay_cut_squares, layout_basic, mainiacjoe_overflow_brackets,
          serial_aquarium, aquarium_bridge_long_joined
          [aquarium_subvault_bridge, aquarium_subvault_window,
          aquarium_subvault_bridge, aquarium_subvault_balcony,
          aquarium_subvault_balcony, aquarium_subvault_bridge],
          aquarium_bridge_straight [aquarium_subvault_bridge,
          aquarium_subvault_window, aquarium_subvault_bridge,
          aquarium_subvault_window], aquarium_window_fake, aquarium_window_1,
          aquarium_view_2f, aquarium_balcony_double_1, uniq_prince_ribbit1
D:9:      layout_basic, erik_lair_island, zombieorc2_lemuel, enter_bailey_3,
          gammafunk_ghost_hive, st_stairs_4, minmay_misc_feat_cross
D:10:     layout_basic, okawaru_altar_gauntlet_db, serial_shops,
          nicolae_shop_statue_plus, uniq_sonja
D:11:     cheibrodos_statue_roulette, layout_cave_pools
D:12:     layout_long_grid, gauntlet_entry_generic, serial_shops,
          shop_fountains, uniq_nessos
D:13:     layout_loops_corners, ximxim_vaults_locker_room, uniq_urug
D:14:     layout_rooms, tso_altar
D:15:     hangedman_depths_entry_civil_slaughter, layout_stronghold,
          grunt_ministairs_6
Temple:   zaba_magenta_temple
Lair:1:   layout_cave_pods
Lair:2:   layout_regular_city, spider_nest_entry_funnel_web, kennysheep_rathole
Lair:3:   layout_roguey, minmay_shoals_entry_beasts, minmay_lair_oklob_items,
          chequers_serial_rivers_micro_e, bh_autumn_forest_stairs, uniq_kirke,
          uniq_fannar
Lair:4:   gammafunk_indiana_jones, layout_gridlike, minmay_slime_entry_pillars
Lair:5:   gammafunk_lair_ancient_temple, layout_gridlike, columned_hall_lemuel,
          infiniplex_staircase_pool_2
Orc:1:    layout_caves, gammafunk_ghost_berserking_beasts
Orc:2:    grunt_orc_community_town_hall, layout_caves,
          grunt_orc_community_big_house_1, grunt_orc_community_big_house_2,
          grunt_orc_community_house_1, grunt_orc_community_house_3,
          grunt_orc_community_house_1, grunt_orc_community_house_3,
          grunt_orc_community_house_2, grunt_orc_community_house_3,
          kennysheep_orc_chapel
Elf:1:    elf_arrival_002, layout_geoelf_grid,
          portal_desolation_entry_nicolae_slug, serial_shops,
          nicolae_diamond_shop, minivault_28
Elf:2:    nicolae_elf_blades_splatter_lattice [grunt_blade_entry_basic],
          layout_loops_ring, chequers_big_river, onia_ninara_cookie
Elf:3:    elf_hall, layout_geoelf_castle, uniq_bai_suzhen
Arena

Skill      XL: |  1  2  3  4  5  6  7  8  9 10 11 12 13 14 15 16 17 18 19 |
---------------+----------------------------------------------------------+-----
Axes           | 3 4 5 6 7 9 12 14 16 18 19 20 21 22 23 25 26 | 26.3
Fighting       | 4 5 6 7 9 10 12 13 16 17 18 19 20 21 | 21.0
Invocations    | 3 4 6 8 9 10 12 | 12.2
Armour         | 5 6 8 10 12 13 14 | 14.8
Shields        | 5 6 8 10 12 13 14 | 14.8

Action                   |  1- 3 |  4- 6 |  7- 9 | 10-12 | 13-15 | 16-18 | 19-21 || total
-------------------------+-------+-------+-------+-------+-------+-------+-------++-------
Melee: War axe           |    80 |    93 |   258 |   507 |   428 |       |       ||  1366
       Headbutt          |     4 |    14 |    50 |    78 |   201 |   209 |    12 ||   568
       Unarmed           |       |       |       |       |     9 |       |       ||     9
       Scimitar          |       |       |       |       |    12 |       |       ||    12
       Broad axe         |       |       |       |       |   319 |  1070 |    66 ||  1455
Invok: Heroism           |       |       |       |       |     2 |     6 |       ||     8
       Finesse           |       |       |       |       |       |     2 |       ||     2
       Duel              |       |       |       |       |       |     1 |     3 ||     4
Evoke: Wand              |       |       |       |       |       |     1 |       ||     1
  Use: Potion            |       |     1 |     2 |     4 |       |    10 |     1 ||    18
       Scroll            |       |       |    13 |     8 |    21 |    11 |     1 ||    54
Armor: Scale mail        |    30 |    35 |   127 |   195 |   190 |       |       ||   577
       Gold dragon scale |       |       |       |       |   154 |   493 |    29 ||   676
Dodge: Dodged            |    37 |    38 |    93 |   145 |   125 |   123 |     5 ||   566
Block: Buckler           |    21 |    23 |    49 |   195 |       |       |       ||   288
       Reflection        |       |       |       |     1 |    34 |   108 |     1 ||   144
       Kite shield       |       |       |       |       |   518 |   772 |    38 ||  1328

Table legend: (Time is in decaauts)
 A = Elapsed time spent in this place.
 B = Non-inter-level travel time spent in this place.
 C = Inter-level travel time spent in this place.
 D = Time resting spent in this place.
 E = Time spent auto-exploring this place.
 F = Levels seen in this place.
 G = Mean time per level.
                   A        B        C        D        E       F      G
               +--------+--------+--------+--------+--------+-----+--------+
         Total |  34595 |  33388 |   1207 |   9447 |  18052 |  33 | 1048.3 |
       Dungeon |  14669 |  14037 |    632 |   2911 |   9114 |  15 |  977.9 |
        Temple |     73 |     55 |     18 |      0 |     50 |   1 |   73.0 |
          Lair |   7507 |   7207 |    300 |   1858 |   4327 |   5 | 1501.4 |
  Orcish Mines |   2528 |   2368 |    160 |    756 |   1094 |   2 | 1264.0 |
   Elven Halls |   6590 |   6495 |     95 |   2473 |   2687 |   3 | 2196.7 |
        Bailey |    397 |    397 |      0 |    200 |    105 |   1 |  397.0 |
    Desolation |   2433 |   2433 |      0 |   1207 |    617 |   1 | 2433.0 |
      Gauntlet |    324 |    324 |      0 |      0 |     56 |   1 |  324.0 |
         Arena |     70 |     70 |      0 |     40 |      0 |   4 |   17.5 |
               +--------+--------+--------+--------+--------+-----+--------+

Top non-repeatable levels by time:
   Elf:2: 2818 daAuts
Desolation: 2433 daAuts
   Elf:3: 2081 daAuts
  Lair:5: 2043 daAuts
  Lair:4: 1788 daAuts
   Elf:1: 1691 daAuts
     D:8: 1687 daAuts
     D:7: 1645 daAuts
  Lair:3: 1517 daAuts
   Orc:1: 1371 daAuts
     D:4: 1210 daAuts
  Lair:1: 1164 daAuts
   Orc:2: 1156 daAuts
    D:13: 1153 daAuts
    D:15: 1148 daAuts
